 Dungeon Crawl Stone Soup version 0.21-a0-358-g8928369 (webtiles) character file.

56183 Dfrag the Destroyer (level 14, -13/87 HPs)
             Began as a Demonspawn Fire Elementalist on Oct 13, 2017.
             Was a High Priest of Vehumet.
             Killed from afar by a smoke demon (18 damage)
             ... with a ball of steam
             ... summoned by Frances
             ... on level 12 of the Dungeon.
             The game lasted 00:45:28 (20918 turns).

Dfrag the Destroyer (Demonspawn Fire Elementalist) Turns: 20918, Time: 00:45:29

Health: -13/87     AC: 15    Str:  8    XL:     14   Next: 41%
Magic:  0/40       EV: 12    Int: 23    God:    Vehumet [*****.]
Gold:   997        SH:  0    Dex: 20    Spells: 14/39 levels left

rFire    x . .     SeeInvis .   K - staff of conjuration
rCold    . . .     Gourm    .   (no shield)
rNeg     + . .     Faith    .   B - +2 robe {rN+}
rPois    .         Spirit   +   s - +2 helmet of the Monkey {rF- Regen+ Dex+3}
rElec    .         Reflect  .   S - +1 cloak {MR+}
rCorr    .         Harm     .   n - +0 pair of gloves
MR       +++..                  a - +0 pair of boots of the Wumpus {MR+ Str-2 Int+2}
Stlth    ++........             (no amulet)
HPRegen  0.64/turn              t - ring of magical power
MPRegen  0.54/turn              V - +3 ring of protection

@: about to teleport, very slightly contaminated
A: talons 1, rugged brown scales 1, agile 2, powered by death 1, wild magic 1,
magic shield, magic regeneration
a: Renounce Religion


You were on level 12 of the Dungeon.
You worshipped Vehumet.
Vehumet was extremely pleased with you.
You were not hungry.

You visited 4 branches of the dungeon, and saw 21 of its levels.
You also visited: Ossuary.

You collected 1351 gold pieces.
You spent 354 gold pieces at shops.

Inventory:

Hand Weapons
 Z - the +10 hand crossbow "Itodum" {velocity, SInv}
   (You found it on level 1 of the Lair of Beasts)

   Any bolt fired from it inflicts extra damage.
   It lets you see invisible.
Armour
 a - the +0 pair of boots of the Wumpus (worn) {MR+ Str-2 Int+2}
   (You bought it in a shop on level 13 of the Dungeon)

   It affects your strength (-2).
   It affects your intelligence (+2).
   It affects your resistance to hostile enchantments.
 n - a +0 pair of gloves (worn)
 s - the +2 helmet of the Monkey (worn) {rF- Regen+ Dex+3}
   (You found it on level 1 of the Lair of Beasts)

   It affects your dexterity (+3).
   It makes you vulnerable to fire.
   It increases your rate of regeneration.
 B - a +2 robe of positive energy (worn)
 S - a +1 cloak of magic resistance (worn)
Magical Staves
 J - an uncursed staff of energy
 K - an uncursed staff of conjuration (weapon)
Jewellery
 b - an uncursed ring of see invisible
 t - a ring of magical power (left hand)
 V - a +3 ring of protection (right hand)
 Y - a cursed -2 ring of protection
Wands
 e - a wand of digging (9/24)
 E - a wand of acid (11/15)
 L - a wand of iceblast (5/15)
Scrolls
 h - 8 scrolls of remove curse
 i - 3 scrolls of enchant armour
 j - 3 scrolls of recharging
 m - 4 scrolls of magic mapping
 r - 3 scrolls of teleportation
 y - a scroll of blinking
 D - 4 scrolls of fog
 G - a scroll of fear
 M - a scroll of silence
 O - 3 scrolls of amnesia
 T - a scroll of enchant weapon
 X - a scroll of brand weapon
Potions
 k - 4 potions of brilliance {unknown}
 l - 3 potions of haste
 o - 4 potions of invisibility
 q - 3 potions of cancellation
 u - a potion of heal wounds
 v - 3 potions of berserk rage {unknown}
 w - 3 potions of mutation
 x - 2 potions of ambrosia {unknown}
 z - 6 potions of curing
 A - 2 potions of lignification
 I - 5 potions of agility {unknown}
 N - 2 potions of resistance {unknown}
 Q - 2 potions of magic {unknown}
 R - a potion of flight {unknown}
Books
 f - a book of Maledictions

   Spells                             Type                      Level
   a - Corona                         Hexes                        1
   b - Ensorcelled Hibernation        Hexes/Ice                    2
   c - Confuse                        Hexes                        3
   d - Tukima's Dance                 Hexes                        3
   e - Dazzling Spray                 Conjuration/Hexes            3
 F - a book of Callings

   Spells                             Type                      Level
   a - Summon Small Mammal            Summoning                    1
   b - Call Imp                       Summoning                    2
   c - Call Canine Familiar           Summoning                    3
   d - Summon Guardian Golem          Hexes/Summoning              3
   e - Summon Lightning Spire         Summoning/Air                4
   f - Summon Ice Beast               Ice/Summoning                4
 H - a book of Cantrips

   Spells                             Type                      Level
   a - Confusing Touch                Hexes                        1
   b - Animate Skeleton               Necromancy                   1
   c - Summon Small Mammal            Summoning                    1
   d - Apportation                    Translocation                1
 P - a book of Necromancy

   Spells                             Type                      Level
   a - Pain                           Necromancy                   1
   b - Animate Skeleton               Necromancy                   1
   c - Vampiric Draining              Necromancy                   3
   d - Regeneration                   Charms/Necromancy            3
   e - Animate Dead                   Necromancy                   4
   f - Control Undead                 Necromancy                   4
Comestibles
 c - 18 bread rations
 g - 4 chunks of flesh
 C - 8 meat rations
 U - 8 fruits
 W - 5 royal jellies


   Skills:
 - Level 1.7 Dodging
 - Level 1.7 Stealth
 + Level 13.4 Spellcasting
 + Level 14.4 Conjurations
 + Level 13.5 Fire Magic


You had 14 spell levels left.
You knew the following spells:

 Your Spells              Type           Power        Failure   Level  Hunger
a - Flame Tongue          Conj/Fire      #####        1%          1    None
b - Conjure Flame         Conj/Fire      ########     1%          3    None
c - Sticky Flame          Conj/Fire      ########     1%          4    None
d - Fireball              Conj/Fire      ########..   1%          5    ###....
e - Mephitic Cloud        Conj/Pois/Air  ######..     1%          3    None
f - Dazzling Spray        Conj/Hex       ######       1%          3    None
g - Bolt of Fire          Conj/Fire      ########..   1%          6    #####..


Dungeon Overview and Level Annotations

Branches:
Dungeon (13/15)            Temple (1/1) D:7            Lair (6/6) D:11
 Shoals (0/4) Lair:3       Spider (0/4) Lair:2        Slime (0/5) Lair:6
    Orc (1/2) D:12         Vaults (0/5) D:13

Altars:
Cheibriados
Elyvilon
Gozag
Hepliaklqana
Makhleb
Nemelex Xobeh
Okawaru
Ru
Sif Muna
Trog
Uskayaw
Vehumet
Xom
Yredelemnul
Zin
The Shining One
Beogh

Shops:
D:5 [   D:6 !   D:10 }   D:13 [

Portals:
Hell: Lair:6

Annotations:
D:12 Frances
Lair:6 exclusion: oklob plant


Innate Abilities, Weirdness & Mutations

You have sharp toenails.
You are partially covered in rugged brown scales. (AC +1, +3% HP)
You regenerate a little health from kills.
When hurt, damage is shared between your health and your magic reserves.
You regenerate magic rapidly.
You are very agile. (Dex +4)
Your spells are a little harder to cast, but a little more powerful.


Message History

The hellwing hits you but does no damage.
The smoke demon gestures at you. Something smites you!
Frances is engulfed in noxious fumes.
Frances hits you with a battleaxe!
The hellwing hits you but does no damage.
The hellwing hits you!
Frances is engulfed in noxious fumes.
Frances chants phrases taken from a devil's mouth.
The shard of ice hits you!
* * * LOW HITPOINT WARNING * * *
The smoke demon gestures at you. The ball of steam hits you!
The steam scalds you terribly!
* * * LOW HITPOINT WARNING * * *
Blink to where?
Press: ? - help, Dir - move target cursor, p - smoke demon You are very lightly contaminated with residual magic.
As you read the scroll of blinking, it crumbles to dust.
Frances is engulfed in noxious fumes. x2
The smoke demon gestures at you. The ball of steam hits you!
The steam scalds you terribly!
You die...

#.........###.##.##......[.#
###.........###'##.##).......#
...###.##.####.[....#........####
##.##........#......###..........
#.##.................#..........
#.##.....4..########.#..........
##.##........# #............
.............# ########..........
##.##........###@.........>......
#.......[[.....§.#####..........
####......<....§/=.# #...........
.........###...§@..# #...........
.......[.....§§§...# #.###.......
...........>[)3§...# #.# #.......
..............§§4..###.# #.......
.......##8...8#§...#...# #.......
#.####.####'###.§§§#.### #.......


You could see Frances, a hellwing and a smoke demon.

Vanquished Creatures
  A dire elephant (Lair:6)
  6 hydras
  Josephine (D:11)
  Erolcha (D:11)
  A catoblepas (Lair:6)
  A centaur warrior (D:13)
  5 two-headed ogres
  Erica (D:11)
  An ogre mage (D:13)
  Urug (Orc:1)
  An orc high priest (Orc:1)
  Nergalle (D:11)
  A sixfirhy (Lair:6)
  2 unseen horrors (D:10)
  A wizard (Lair:6)
  Pikel (D:4)
  A lindwurm (Lair:6)
  An orc knight (D:12)
  A wolf spider (Lair:2)
  A cyclops (D:11)
  A manticore (D:12)
  6 elephants
  2 black mambas
  Maurice (Orc:1)
  Psyche (D:9)
  An orange demon (Lair:6)
  11 spiny frogs
  5 centaur skeletons
  A gargoyle (D:11)
  11 komodo dragons
  2 rime drakes (Lair:6)
  A hellwing (Lair:6)
  2 ice devils (Lair:6)
  2 red devils (Lair:6)
  2 polar bears (Lair:6)
  A troll (D:9)
  13 blink frogs
  9 hippogriffs
  9 dream sheep
  A water elemental (D:12)
  3 wyverns
  6 wraiths
  27 yaks
  5 basilisks
  4 hungry ghosts
  A warg (Orc:1)
  8 water moccasins
  6 hell hounds
  A soldier ant (D:12)
  9 porcupines
  4 ice beasts
  A hornet zombie (D:8)
  A sky beast (D:8)
  13 orc warriors
  3 phantoms
  3 black bears
  A necrophage (D:8)
  5 ogres
  13 wolves
  9 crocodiles
  10 centaurs
  3 big kobolds (D:13)
  13 bullfrogs
  A water moccasin zombie (D:7)
  4 scorpions
  8 wights
  15 killer bees
  2 howler monkeys (D:11)
  3 electric eels
  4 crimson imps
  A human zombie (Ossuary)
  3 bullfrog zombies
  9 orc priests
  5 jellies
  6 hounds
  9 orc wizards
  3 bullfrog skeletons
  Jessica (D:3)
  6 iguanas
  10 worker ants
  Terence (D:3)
  A killer bee zombie (D:10)
  3 mummies (Ossuary)
  A howler monkey zombie (D:11)
  9 gnolls
  14 adders
  5 shadow imps
  An ooze (D:4)
  4 adder zombies (Ossuary)
  2 adder skeletons
  4 worms
  3 dart slugs
  6 leopard geckos
  56 orcs
  5 giant cockroaches
  6 goblins
  7 hobgoblins
  12 jackals
  4 quokkas
  7 bats
  5 frilled lizards
  2 goblin zombies (Ossuary)
  4 hobgoblin zombies (Ossuary)
  7 kobolds
  2 kobold zombies (Ossuary)
  A quokka skeleton (D:7)
  3 quokka zombies (Ossuary)
  6 rats
  2 rat zombies (Ossuary)
  5 fungi (Lair:6)
  3 plants
542 creatures vanquished.

Vanquished Creatures (others)
  An orc priest (D:4)
  2 orcs (D:4)
  2 bushes (Lair:6)
  8 fungi
  6 plants
19 creatures vanquished.

Grand Total: 561 creatures vanquished

Notes
Turn   | Place    | Note
-------+----------+-------------------------------------------
     0 | D:1      | Dfrag the Demonspawn Fire Elementalist began the quest for the Orb.
     0 | D:1      | Reached XP level 1. HP: 13/13 MP: 3/3
   145 | D:1      | Gained mutation: You have sharp toenails. [demonic ancestry]
   145 | D:1      | Reached XP level 2. HP: 19/19 MP: 1/5
   874 | D:2      | Gained mutation: You are partially covered in rugged brown scales. (AC +1, +3% HP) [demonic ancestry]
   874 | D:2      | Reached XP level 3. HP: 8/24 MP: 1/6
   980 | D:2      | Reached skill level 2 in Conjurations
  1036 | D:2      | Found a basalt altar of Yredelemnul.
  1161 | D:2      | Reached XP level 4. HP: 2/30 MP: 0/8
  1370 | D:2      | Learned a level 3 spell: Conjure Flame
  1375 | D:2      | Learned a level 4 spell: Sticky Flame
  1723 | D:3      | Noticed Terence
  1731 | D:3      | Killed Terence
  1731 | D:3      | Reached XP level 5. HP: 34/36 MP: 3/9
  1764 | D:3      | Reached skill level 3 in Conjurations
  2138 | D:3      | Found a hide-covered altar of Uskayaw.
  2138 | D:3      | Noticed a hand axe
  2139 | D:3      | Noticed a hand axe
  2343 | D:3      | Noticed Jessica
  2352 | D:3      | Killed Jessica
  2352 | D:3      | Reached XP level 6. HP: 42/42 MP: 11/11
  2435 | D:3      | Found a deep blue altar of Sif Muna.
  2489 | D:4      | Found a sand-covered staircase.
  2511 | Ossuary  | Entered an ossuary
  2932 | D:4      | Reached skill level 4 in Conjurations
  3060 | D:4      | Gained mutation: You regenerate a little health from kills. [demonic ancestry]
  3060 | D:4      | Reached XP level 7. HP: 20/47 MP: 2/13
  3307 | D:4      | Noticed Pikel
  3330 | D:4      | Killed Pikel
  3330 | D:4      | Reached skill level 5 in Spellcasting
  3330 | D:4      | Reached skill level 5 in Conjurations
  3330 | D:4      | Reached skill level 5 in Fire Magic
  3330 | D:4      | Reached XP level 8. HP: 44/53 MP: 13/15
  3745 | D:5      | Entered Level 5 of the Dungeon
  3759 | D:5      | Found a glowing golden altar of the Shining One.
  3989 | D:5      | Found an iron altar of Okawaru.
  4323 | D:5      | Found Itauxyowou's Antique Armour Shop.
  4323 | D:5      | Noticed a two-headed ogre
  4333 | D:5      | Killed a two-headed ogre
  4333 | D:5      | Reached skill level 6 in Conjurations
  4341 | D:5      | Learned a level 5 spell: Fireball
  4759 | D:6      | Found Suimol's Distillery.
  4776 | D:6      | Gained mutation: When hurt, damage is shared between your health and your magic reserves. [demonic ancestry]
  4776 | D:6      | Reached XP level 9. HP: 47/58 MP: 18/18
  4783 | D:6      | Bought a potion of mutation for 88 gold pieces
  4785 | D:6      | Gained mutation: Your spells are a little harder to cast, but a little more powerful. [potion of mutation]
  4785 | D:6      | Gained mutation: You are agile. (Dex +2) [potion of mutation]
  4785 | D:6      | Gained mutation: You are very agile. (Dex +4) [potion of mutation]
  4832 | D:6      | Found a glowing silver altar of Zin.
  4832 | D:6      | Found a glowing golden altar of the Shining One.
  4832 | D:6      | Found a white marble altar of Elyvilon.
  4874 | D:6      | Reached skill level 7 in Conjurations
  4996 | D:6      | Found a bloodstained altar of Trog.
  5709 | D:7      | Found a staircase to the Ecumenical Temple.
  5719 | D:7      | Reached skill level 8 in Conjurations
  5732 | Temple   | Entered the Ecumenical Temple
  5744 | Temple   | Became a worshipper of Vehumet
  6472 | D:8      | Reached XP level 10. HP: 46/64 MP: 15/21
  6584 | D:8      | Reached * piety under Vehumet
  6584 | D:8      | Offered knowledge of Magic Dart by Vehumet.
  6643 | D:8      | Noticed a two-headed ogre
  6653 | D:8      | Killed a two-headed ogre
  7076 | D:8      | Reached skill level 9 in Conjurations
  7900 | D:9      | Offered knowledge of Throw Frost by Vehumet.
  7959 | D:9      | Reached ** piety under Vehumet
  8114 | D:9      | Noticed Psyche
  8116 | D:9      | Killed Psyche
  8169 | D:9      | Found a snail-covered altar of Cheibriados.
  8407 | D:10     | Entered Level 10 of the Dungeon
  8491 | D:10     | Found Coiqier's Gadget Shop.
  8707 | D:10     | Killed an unseen horror
  9047 | D:10     | Offered knowledge of Mephitic Cloud by Vehumet.
  9056 | D:10     | Learned a level 3 spell: Mephitic Cloud
  9302 | D:10     | Noticed an unseen horror
  9303 | D:10     | Killed an unseen horror
  9303 | D:10     | Reached skill level 10 in Conjurations
  9303 | D:10     | Reached XP level 11. HP: 57/70 MP: 20/24
  9491 | D:11     | Noticed Nergalle
  9495 | D:11     | Killed Nergalle
  9496 | D:11     | Noticed Josephine
  9508 | D:11     | Reached *** piety under Vehumet
  9516 | D:11     | Noticed a four-headed hydra
  9852 | D:11     | Reached skill level 10 in Fire Magic
  9898 | D:11     | Noticed Erica
  9903 | D:11     | Killed Erica
  9903 | D:11     | Reached skill level 10 in Spellcasting
 10269 | D:11     | Offered knowledge of Ignite Poison by Vehumet.
 10284 | D:11     | Found a bloodstained altar of Trog.
 10362 | D:11     | Found a staircase to the Lair.
 10383 | D:11     | Noticed Erolcha
 10390 | D:11     | Killed Erolcha
 10390 | D:11     | Reached skill level 11 in Conjurations
 11221 | D:12     | Reached **** piety under Vehumet
 11434 | D:12     | Offered knowledge of Dazzling Spray by Vehumet.
 11528 | D:12     | Reached XP level 12. HP: 53/76 MP: 8/26
 11840 | D:12     | Noticed Frances
 11855 | D:13     | Identified a scroll of acquirement
 11886 | D:13     | Noticed a two-headed ogre
 11888 | D:13     | Noticed an ogre mage
 11889 | D:13     | Noticed a two-headed ogre
 11908 | D:13     | Killed a two-headed ogre
 12091 | D:13     | Noticed a centaur warrior
 12094 | D:13     | Killed a two-headed ogre
 12097 | D:13     | HP: 1/76 [centaur warrior/arrow (14)]
 12125 | D:13     | Killed a centaur warrior
 12229 | D:13     | Killed an ogre mage
 12283 | D:13     | Found Abyuneabue's Antique Armour Emporium.
 12722 | D:13     | Found a shimmering altar of Xom.
 12785 | D:13     | Bought a pair of twisted boots for 266 gold pieces
 12790 | D:13     | Identified the cursed +0 pair of boots of the Wumpus {MR+ Str-2 Int+2} (You bought it in a shop on level 13 of the Dungeon)
 12818 | D:13     | Reached skill level 12 in Conjurations
 12820 | D:13     | Noticed a three-headed hydra
 12829 | D:13     | Killed a three-headed hydra
 12937 | D:13     | Found a gate to the Vaults.
 13327 | D:12     | Found a staircase to the Orcish Mines.
 13350 | D:12     | Found a roughly hewn altar of Beogh.
 13509 | D:12     | Noticed a two-headed ogre
 13511 | D:12     | Killed a two-headed ogre
 13772 | D:12     | Learned a level 3 spell: Dazzling Spray
 13775 | D:11     | Reached ***** piety under Vehumet
 13933 | D:11     | Killed Josephine
 13933 | D:11     | Offered knowledge of Force Lance by Vehumet.
 13942 | D:11     | Killed a four-headed hydra
 14161 | Lair:1   | Entered Level 1 of the Lair of Beasts
 14197 | Lair:1   | Got a slimy hand crossbow
 14198 | Lair:1   | Identified the +10 hand crossbow "Itodum" {velocity, SInv} (You found it on level 1 of the Lair of Beasts)
 14438 | Lair:1   | Got a transparent helmet
 14450 | Lair:1   | Identified the +2 helmet of the Monkey {rF- Regen+ Dex+3} (You found it on level 1 of the Lair of Beasts)
 14598 | Lair:1   | Gained mutation: You regenerate magic rapidly. [demonic ancestry]
 14598 | Lair:1   | Reached XP level 13. HP: 70/81 MP: 23/28
 15584 | Lair:2   | Reached skill level 13 in Conjurations
 15807 | Lair:2   | Found a hole to the Spider Nest.
 16059 | Lair:3   | Found a staircase to the Shoals.
 16290 | Lair:3   | Got a twisted chain mail
 16594 | Lair:3   | You fall through a shaft!
 17138 | Lair:4   | Offered knowledge of Bolt of Fire by Vehumet.
 17252 | Lair:4   | Learned a level 6 spell: Bolt of Fire
 18701 | Lair:6   | Entered Level 6 of the Lair of Beasts
 19308 | Lair:6   | Reached XP level 14. HP: 87/87 MP: 31/31
 19425 | Lair:6   | Reached skill level 14 in Conjurations
 19888 | Lair:6   | Found a burning altar of Makhleb.
 20150 | Lair:6   | Found a gateway to Hell.
 20255 | Lair:6   | Found a staircase to the Slime Pits.
 20748 | Orc:1    | Entered Level 1 of the Orcish Mines
 20758 | Orc:1    | Noticed Urug
 20761 | Orc:1    | Killed Urug
 20835 | Orc:1    | Noticed Maurice
 20837 | Orc:1    | Killed Maurice
 20916 | D:12     | HP: 4/87 [smoke demon/ball of steam[Frances] (22)]
 20918 | D:12     | Killed from afar by a smoke demon

Vault maps used:
D:1:      sevenhm_arrival_forest_fort_large_4, minivault_27
D:2:      yredelemnul_altar_generic
D:3:      dancing_weapons_uskayaw, led_sif_pool, first_bread, eino_tiny_chamber,
          uniq_terence, uniq_jessica
D:4:      nicolae_ossuary_entry_ruins, uniq_pikel
D:5:      kennysheep_mini, serial_shops, shop, tso_metal_star
D:6:      good_gods_mini_temple, serial_shops, nicolae_shop_window_shopping,
          trog_butcher_becter
D:7:      minmay_temple_entry_butterflies
D:9:      cheibrodos_worm_habitat, uniq_psyche
D:10:     serial_shops, nicolae_shop_waterfront
D:11:     minmay_lair_entry_lava, basic_altar, uniq_erolcha, uniq_josephine,
          uniq_erica, uniq_nergalle
D:12:     minmay_orc_entry_temple_small, uniq_frances
D:13:     david_vaults_2, serial_shops, shop, lab_entry_generic, basic_altar,
          hangedman_ranch
Temple:   eino_temple_water
Lair:2:   spider_nest_entry_rubble, grunt_megastairs_1
Lair:3:   minmay_shoals_entry_centaurs, disabler_island
Lair:4:   serial_bayou_pond_d
Lair:5:   serial_bayou_shore_b
Lair:6:   evil_forest, dpeg_slime_entry_corner, grunt_megastairs_4
Orc:1:    serial_shops, shop, mines1_david, uniq_urug, uniq_maurice
Ossuary:  ossuary_minmay_chase

Skill      XL: |  1  2  3  4  5  6  7  8  9 10 11 12 13 14 |
---------------+-------------------------------------------+-----
Fire Magic     | 3 4 5 6 8 9 10 12 13 | 13.5
Conjurations   | 2 3 4 5 6 8 10 11 12 13 14 | 14.4
Spellcasting   | 3 4 5 6 7 9 10 11 13 | 13.4
Dodging        | |  1.7
Stealth        | |  1.7

Action                   |  1- 3 |  4- 6 |  7- 9 | 10-12 | 13-15 || total
-------------------------+-------+-------+-------+-------+-------++-------
Melee: Unarmed           |     1 |       |       |       |       ||     1
       Short sword       |    69 |    73 |   154 |   142 |       ||   438
       Kick              |    10 |    15 |    34 |    61 |       ||   120
       Staff             |       |       |       |   113 |    53 ||   166
       Dire flail        |       |       |       |    16 |       ||    16
 Cast: Flame Tongue      |    27 |   107 |    75 |   107 |    60 ||   376
       Sticky Flame      |       |     7 |    31 |    70 |    71 ||   179
       Fireball          |       |       |    11 |   131 |   149 ||   291
       Dazzling Spray    |       |       |       |     9 |    28 ||    37
       Mephitic Cloud    |       |       |       |       |     1 ||     1
  Use: Potion            |       |       |     1 |     6 |     3 ||    10
       Scroll            |       |       |       |    24 |    10 ||    34
 Stab: Sleeping          |     2 |     3 |     3 |       |       ||     8
  Eat: Chunk             |     1 |     6 |    20 |    41 |    22 ||    90
       Royal jelly       |       |       |       |     1 |       ||     1
       Meat ration       |       |       |       |     2 |       ||     2
       Fruit             |       |       |       |     2 |     4 ||     6
Armor: Robe              |    29 |    44 |    74 |   143 |    64 ||   354
       Skin              |       |       |       |    23 |     3 ||    26
Dodge: Dodged            |    53 |    76 |   125 |   201 |   113 ||   568

Table legend:
 A = Spawn XP
 B = Non-spawn XP
 C = Spawn XP percentage of total XP
 D = Spawn monster count
 E = Non-spawn monster count
 F = Spawn count percentage of total count
 G = Total turns spent on level
                    A         B        C        D         E        F      G
               +---------+---------+-------+---------+---------+-------+---------
         Total |       0 |   80262 |   0.0 |       0 |     534 |   0.0 | 20918
               +---------+---------+-------+---------+---------+-------+---------
           D:1 |       0 |      31 |   0.0 |       0 |      17 |   0.0 |   840
           D:2 |       0 |      76 |   0.0 |       0 |      18 |   0.0 |   565
           D:3 |       0 |     293 |   0.0 |       0 |      35 |   0.0 |  1070
           D:4 |       0 |    1161 |   0.0 |       0 |      21 |   0.0 |   871
           D:5 |       0 |    1091 |   0.0 |       0 |       6 |   0.0 |   971
           D:6 |       0 |     606 |   0.0 |       0 |      12 |   0.0 |   504
           D:7 |       0 |    2015 |   0.0 |       0 |      49 |   0.0 |  1120
           D:8 |       0 |    2722 |   0.0 |       0 |      37 |   0.0 |  1319
           D:9 |       0 |    1260 |   0.0 |       0 |      17 |   0.0 |   724
          D:10 |       0 |    2747 |   0.0 |       0 |      21 |   0.0 |  1904
          D:11 |       0 |   10267 |   0.0 |       0 |      44 |   0.0 |   855
          D:12 |       0 |    7504 |   0.0 |       0 |      53 |   0.0 |  1858
          D:13 |       0 |    7589 |   0.0 |       0 |      24 |   0.0 |  1309
        Lair:1 |       0 |    2519 |   0.0 |       0 |      14 |   0.0 |   882
        Lair:2 |       0 |    7524 |   0.0 |       0 |      33 |   0.0 |  1043
        Lair:3 |       0 |    4659 |   0.0 |       0 |      26 |   0.0 |   783
        Lair:4 |       0 |    3080 |   0.0 |       0 |      10 |   0.0 |   863
        Lair:5 |       0 |    3736 |   0.0 |       0 |      16 |   0.0 |  1367
        Lair:6 |       0 |   18124 |   0.0 |       0 |      44 |   0.0 |  1620
         Orc:1 |       0 |    3121 |   0.0 |       0 |      16 |   0.0 |    27
       Ossuary |       0 |     137 |   0.0 |       0 |      21 |   0.0 |   399
               +---------+---------+-------+---------+---------+-------+---------
